Map: Bridgehead LE (Void)

Players

Failboat

  • Race: Protoss Protoss
  • League: Bronze

wabbajack - Winner!

  • Race: Zerg Zerg
  • League: Gold

VOD

Have the link to the VOD?

Description

Time

  • Played on: July 20, 2015, 2:23 p.m.
  • Length: 8:18
Show
View Real Time Build Order
Export as new Build Order

Failboat Protoss 

Build Orders: Nexus First 

Get SALT Encoding   

  12  0:01  Probe  
  13  0:21  Pylon  
  13  0:28  Probe  
  14  0:40  Probe  
  15  0:58  Nexus  
  15  1:09  Gateway  
  15  1:18  Probe (Chrono Boost)  
  16  1:28  Probe (Chrono Boost)  
  17  1:35  Probe  
  18  1:42  Gateway  
  18  1:49  Assimilator  
  18  1:50  Probe (Chrono Boost)  
  19  2:00  Probe (Chrono Boost)  
  20  2:04  Cybernetics Core  
  20  2:07  Forge  
  20  2:19  Assimilator  
  20  2:23  Probe (Chrono Boost)  
  21  2:32  Warp Gate (Chrono Boost)  
  21  2:33  Probe (Chrono Boost)  
  23  2:40  Pylon  
  23  2:41  Probe (Chrono Boost)  
  23  2:43  Probe (Chrono Boost)  
  24  2:48  Probe (Chrono Boost)  
  26  2:52  Probe (Chrono Boost)  
  26  2:54  Photon Cannon  
  26  2:59  Probe (Chrono Boost)  
  27  3:08  Probe (Chrono Boost)  
  28  3:29  Robotics Facility  
  27  3:36  Probe (Chrono Boost)  
  28  3:46  Probe (Chrono Boost)  
  29  3:49  Gateway  
  29  3:50  Gateway  
  29  3:52  Gateway  
  29  3:53  Probe (Chrono Boost)  
  31  4:03  Probe (Chrono Boost)  
  31  4:05  Photon Cannon  
  31  4:09  Adept  
  33  4:10  Probe  
  33  4:11  Adept  
  36  4:22  Probe  
  4  5:52  Probe (Chrono Boost)  
  4  5:53  Warp Prism  
  7  6:02  Probe (Chrono Boost)  
  8  6:09  Probe  
  9  7:29  Zealot x3  
  15  8:00  Sentry x2  
Show
View Real Time Build Order
Export as new Build Order

wabbajack Zerg - Winner!

Build Orders: Hatch First 

Get SALT Encoding   

  12  0:01  Drone  
  13  0:13  Overlord  
  13  0:19  Drone  
  14  0:32  Drone x2  
  16  0:36  Drone  
  17  0:55  Hatchery  
  16  0:57  Extractor  
  16  1:00  Drone  
  16  1:02  Drone  
  17  1:21  Spawning Pool  
  17  1:25  Drone x2  
  18  1:37  Drone  
  19  1:44  Overlord  
  19  1:51  Drone  
  20  2:08  Queen  
  20  2:09  Metabolic Boost  
  22  2:17  Zergling x2  
  23  2:32  Drone x2  
  23  2:33  Drone  
  23  2:34  Drone x2  
  23  2:36  Overlord  
  28  2:41  Queen  
  30  2:58  Pneumatized Carapace  
  30  3:05  Zergling x8  
  33  3:10  Zergling x2  
  35  3:14  Zergling x2  
  35  3:18  Zergling x2  
  35  3:19  Zergling x8  
  41  3:58  Queen  
  41  3:59  Overlord x2  
  43  4:06  Hatchery  
  39  4:57  Baneling Nest  
  37  5:03  Spine Crawler  
  37  5:04  Spine Crawler, Queen  
  37  5:05  Overlord x2  
  37  5:06  Drone  
  37  5:07  Drone x14  
  44  6:04  Lair  
  44  6:07  Roach Warren, Extractor  
  44  6:08  Drone x8, Extractor  
  49  6:33  Drone x3  
  49  6:34  Drone x3  
  55  6:41  Evolution Chamber  
  54  6:51  Spore Crawler  
  53  6:56  Extractor  
  53  6:57  Overlord x2  
  53  7:00  Roach x7  
  53  7:01  Roach x4  
  74  7:11  Overlord  
  74  7:12  Overlord x2  
  74  7:26  Overlord x2  
  72  7:56  Hydralisk Den  
Tags
 
Add a new tag
Caveats
  • Supply blocks, unpowered buildings, or Contaminate may cause inaccurate times.
  • Supply counts are checked every 10 seconds.